 Dungeon Crawl Stone Soup version 0.17-a0-1479-g4041c36 (webtiles) character file.

90 Parakulo the Skirmisher (level 4, 0/38 HPs)
             Began as a Formicid Fighter on July 3, 2015.
             Slain by a gnoll
             ... wielding a +0 halberd
              (15 damage)
             ... on level 2 of the Dungeon.
             The game lasted 00:04:58 (2300 turns).

Parakulo the Skirmisher (Formicid Fighter)          Turns: 2300, Time: 00:04:58

Health: 0/38       AC:  6    Str: 21    XL:     4   Next: 85%
Magic:  4/4        EV:  7    Int:  7    God:
Gold:   90         SH: 10    Dex: 11    Spells: 0 memorised, 3 levels left

rFire  . . .     SeeInvis +     a - +0 trident
rCold  . . .     Clarity  .     b - +0 scale mail
rNeg   . . .     SustAt   .     c - +1 shield
rPois  .         Gourm    .     (helmet unavailable)
rElec  .         Spirit   .     (no cloak)
rCorr  .         Warding  .     (no gloves)
rMut   .         Stasis   +     (no boots)
MR     .....                    (no amulet)
Stlth  ..........               (no ring)
                                (no ring)

@: not resistant to hostile enchantments, extremely unstealthy
A: permanent stasis, dig shafts and tunnels, four strong arms, antennae 3
a: Dig, Shaft Self


You were on level 2 of the Dungeon.
You were not hungry.

You visited 1 branch of the dungeon, and saw 3 of its levels.

You collected 90 gold pieces.

Inventory:

Hand weapons
 a - a +0 trident (weapon)
 k - a -2 hunting sling
Missiles
 p - 106 stones (quivered)
 s - 10 poisoned needles
Armour
 b - a +0 scale mail (worn)
 c - a +1 shield (worn)
Jewellery
 l - an uncursed ring of protection from cold {unknown}
Scrolls
 f - 2 scrolls of remove curse
 g - a scroll of enchant armour
 r - a scroll of recharging
Potions
 d - a potion of might
 h - a potion of agility {unknown}
 i - 2 potions of curing
 j - a potion of lignification {unknown}
 m - a potion of heal wounds {unknown}
 o - a potion of brilliance {unknown}
 q - a potion of resistance {unknown}
Comestibles
 e - a bread ration
 n - 3 chunks of flesh
 v - a meat ration
 w - a slice of pizza


   Skills:
 + Level 4.7 Fighting
 + Level 3.2 Polearms
 + Level 0.9 Slings
 - Level 3.2 Armour
 - Level 3.6 Shields


You had 3 spell levels left.
You didn't know any spells.

Dungeon Overview and Level Annotations

Branches:
Dungeon (3/15)

Altars:


Innate Abilities, Weirdness & Mutations

You are under a permanent stasis effect.
You can dig through walls and to a lower floor.
Your four strong arms can wield two-handed weapons with a shield.
You have a pair of large antennae on your head (SInv).


Message History

HP restored.
There is a stone staircase leading down, spattered with blood here.
You climb downwards.
The gnoll hits you with a halberd!
There is a stone staircase leading up, spattered with blood here.
Unknown command.
You block the gnoll's attack. The gnoll hits you but does no damage.
You climb upwards.
There is a stone staircase leading down, spattered with blood here.
Your shield and scale mail prevent you from hitting the gnoll.
You block the gnoll's attack.
You barely miss the gnoll. The gnoll closely misses you.
Your shield prevents you from hitting the gnoll.
The gnoll hits you with a halberd!
You hit the gnoll.
The gnoll is lightly wounded.
The gnoll hits you with a halberd!
You barely miss the gnoll.
The gnoll is lightly wounded.
The gnoll hits you with a halberd!
You die...

.........##.##..#.<..)..#
.........##........######
.........##......###
.........##......#
.........##......#
###########....#.#
#......# ####### #...#)g#
......# #####.@# #####.#
#############
#.########### #.......#
#...........###..######
#.#########.#.#..# ###
#.#....# #.#.)..#
#.#....# #.#....###


You could see a gnoll.

Vanquished Creatures
  4 adders (D:2)
  A gnoll (D:2)
  An ooze (D:2)
  A worm (D:2)
  4 giant geckos
  A ball python (D:2)
  A giant cockroach (D:1)
  2 goblins
  4 hobgoblins
  4 kobolds
  A quokka (D:2)
  3 bats
  5 giant newts
  2 rats
34 creatures vanquished.

Notes
Turn   | Place    | Note
--------------------------------------------------------------
     0 | D:1      | Parakulo the Formicid Fighter began the quest for the Orb.
     0 | D:1      | Reached XP level 1. HP: 18/18 MP: 1/1
   337 | D:1      | Reached XP level 2. HP: 23/25 MP: 2/2
  1113 | D:2      | Reached skill level 4 in Fighting
  1113 | D:2      | Reached XP level 3. HP: 10/30 MP: 3/3
  1696 | D:2      | Reached XP level 4. HP: 38/38 MP: 4/4
  2300 | D:2      | Slain by a gnoll

Vault maps used:
D:1:      dpeg_arrival_circle_labyrinth_c
D:2:      st_stairs_1
D:3:      uniq_jessica

Action                   |  1- 3 |  4- 6 || total
-------------------------+-------+-------++-------
Melee: Trident           |    85 |    76 ||   161
 Fire: Hunting sling     |    10 |       ||    10
  Use: Scroll            |     1 |     6 ||     7
  Eat: Bread ration      |     1 |       ||     1
